 Dungeon Crawl Stone Soup version 0.31.0-9-g3a7656b989 (webtiles) character file.

Game seed: 141802793098289836

8 Colgate the Shooter (level 2, 22/22 HPs)
             Began as a Demonspawn Hunter on Feb 6, 2024.
             Quit the game on level 1 of the Dungeon.
             The game lasted 00:00:11 (262 turns).

Colgate the Shooter (Demonspawn Hunter)              Turns: 262, Time: 00:00:12

Health: 22/22      AC:  3    Str: 11    XL:     2   Next: 0%
Magic:  2/2        EV: 11    Int:  9    God:
Gold:   36         SH:  0    Dex: 16    Spells: 1/1 levels left

rFire   . . .        a - +0 shortbow
rCold   . . .        (shield currently unavailable)
rNeg    . . .        c - +0 leather armour
rPois   .            (no helmet)
rElec   .            (no cloak)
rCorr   .            (no gloves)
SInv    .            (no boots)
Will    .....        (no amulet)
Stlth   +            (no ring)
HPRegen 0.23/turn    (no ring)
MPRegen 0.08/turn

%: no passive effects
@: no status effects
A: hooves 1
a: no special abilities


You were on level 1 of the Dungeon.
You visited 1 branch of the dungeon, and saw 1 of its levels.

You collected 36 gold pieces.

Inventory:

Hand Weapons
 a - a +0 shortbow (weapon)
Armour
 c - a +0 leather armour (worn)
Scrolls
 b - a scroll of butterflies
 d - a scroll of amnesia {unknown}
 e - a scroll of teleportation {unknown}


   Skills:
 - Level 2.0 Fighting
 + Level 4.0 Ranged Weapons
 - Level 1.7 Dodging
 - Level 0.8 Stealth


You had one spell level left.
You didn't know any spells.
Your spell library was empty.

Dungeon Overview and Level Annotations

Branches:
Dungeon (1/15)

Altars:


Innate Abilities, Weirdness & Mutations

You have large cloven feet.


Message History

A hobgoblin comes into view.
You shoot an arrow. The arrow hits the hobgoblin.
The hobgoblin shouts!
A hobgoblin is nearby!
You shoot an arrow. The arrow closely misses the hobgoblin.
A hobgoblin is nearby!
You shoot an arrow. The arrow hits the hobgoblin.
You kill the hobgoblin!
Your Ranged Weapons skill increases to level 4!
Key pressed, stopping explore.
No target in view!
Key pressed, stopping explore.
No target in view!
Found 3 large rocks.
No target in view!
There is a dry fountain here.
d - a scroll labelled XIROUB NOROOSHUKO No target in view!
Key pressed, stopping explore.
No target in view!
Key pressed, stopping explore.
No target in view!
Key pressed, stopping explore.
No target in view!
You see here 3 large rocks.
There is a dry fountain here.
e - a scroll labelled QIYXEUDGHAT No target in view!
Key pressed, stopping explore.
No target in view!
You now have 36 gold pieces (gained 9).
Found 2 stones.
No target in view!
A goblin comes into view. It is wielding a +0 club.
You shoot an arrow. The arrow hits the goblin.
You kill the goblin!
You have reached level 2!
Your demonic ancestry asserts itself...
Your feet thicken and deform.
Are you sure you want to abandon this character and quit the game? (Confirm with "yes".)

...................
#...#
.####.####.####.#..
#.### ..##...##...##?.
# #.# ⌠.##.⌠.##.⌠.##.⌠.
.# #.# ..##...##...#
(.. #.# #.######
.####.####.## #.# ...#
#......#
.####.####.####.###.⌠.#
######.#
....................).#
#.#
........<...[...@.##.##
#.#
......................#
##.##
.####.####.####.###.⌠.#
#####...#
(####.####.####.##
..#.......#.#
..##...##...##...#
.#######...#
⌠.##.⌠.##.⌠.##.⌠.# .#
#........
..##...##...##...###..#
#.#######
.####.####.####.##...#
...................#


There were no monsters in sight!

Vanquished Creatures
  An endoplasm (D:1)
  A goblin (D:1)
  2 hobgoblins (D:1)
  2 quokkas (D:1)
6 creatures vanquished.

Notes
Turn   | Place    | Note
-------+----------+-------------------------------------------
     0 | D:1      | Colgate the Demonspawn Hunter began the quest for the Orb.
     0 | D:1      | Reached XP level 1. HP: 16/16 MP: 1/1
   198 | D:1      | Reached skill level 4 in Ranged Weapons
   262 | D:1      | Gained mutation: You have large cloven feet. [demonic
                  | ancestry]
   262 | D:1      | Reached XP level 2. HP: 22/22 MP: 2/2
   262 | D:1      | Quit the game

Illustrated notes

Levels and vault maps discovered:
D:1:      dpeg_arrival_chambers_temple_mockup, layout_loops_ring, minivault_26,
          minmay_splitting_lines, roderic_serpentine_path

Skill      XL: |  1 |
---------------+----+-----
Ranged Weapons | 4 |  4.0
Fighting       | |  2.0
Dodging        | |  1.7
Stealth        | |  0.8

Action                     || total
---------------------------++-------
   Fire: Shortbow          ||    19
 Armour: Leather armour    ||     2
  Dodge: Dodged            ||     4
